 Adventure DCSS version bcrawl-1.21.2-28-g2cb1824106 (webtiles) character file.

Game seed: 3468024932941889186

30599 Defined the Frost Mage (level 13, -3/78 HPs)
             Began as a Skeleton Conjurer on Mar 3, 2020.
             Was an Initiate of Gozag.
             Slain by a chaos spawn (14 damage)
             ... summoned by Frances
             ... on level 12 of the Dungeon.
             The game lasted 01:32:19 (22672 turns).

Defined the Frost Mage (Skeleton Conjurer)         Turns: 22672, Time: 01:32:20

Health: -3/78      AC: 25    Str: 18      XL:     13   Next: 21%
Magic:  0/28       EV: 11    Int: 22 (23) God:    Gozag
Gold:   2590       SH:  6    Dex: 10 (11) Spells: 16/34 levels left
                                        Lives:  0   Deaths: 2

rFire    . . .     SeeInvis .   n - +7 whip "Vexuor" {freeze, rPois Int+4 Dex+2}
rCold    + + .     Gourm    .   C - +0 buckler
rNeg     + + +     Faith    .   i - +8 chain mail of Grace {MR+ Str+3}
rPois    ∞         Spirit   +   (no helmet)
rElec    .         Reflect  .   A - +0 cloak {rC+}
rCorr    .         Harm     .   t - +1 pair of gloves
MR       +++..                  D - +2 pair of boots {Fly}
Stlth    ..........             h - amulet of magic regeneration
HPRegen  0.23/turn              c - +1 ring of evasion
MPRegen  0.46/turn              g - ring of protection from magic

@: flying, very slightly contaminated
A: no food or potions, cold resistance 1, deterioration 1, negative energy
resistance 3, powered by death 1, torment resistance, unbreathing, magic shield,
sturdy frame 2, spell healing
a: Potion Petition, Call Merchant, Bribe Branch, Renounce Religion, Stop Flying


You were on level 12 of the Dungeon.
You worshipped Gozag.
Gozag was most pleased with you.
You were not hungry.

You visited 3 branches of the dungeon, and saw 14 of its levels.
You also visited: Ice Cave.

You collected 4472 gold pieces.
You spent 970 gold pieces at shops.
You paid 912 gold pieces to Gozag.

Inventory:

Hand Weapons
 n - the +7 whip "Vexuor" (weapon) {freeze, rPois Int+4 Dex+2}
   (You found it on level 7 of the Dungeon)

   It has been specially enchanted to freeze those struck by it, causing extra
   injury to most foes and up to half again as much damage against particularly
   susceptible opponents.
   It can also slow down cold-blooded creatures.
   It affects your intelligence (+4).
   It affects your dexterity (+2).
   It protects you from poison.
Missiles
 e - 75 javelins (quivered)
 x - 2 throwing nets {!f}
Armour
 b - a scarf of cloud immunity
 i - the +8 chain mail of Grace (worn) {MR+ Str+3}
   (You bought it in a shop in the Orcish Mines)

   It affects your strength (+3).
   It affects your resistance to hostile enchantments.
 t - a +1 pair of gloves (worn)
 w - a +1 cloak of invisibility
 z - a +0 medium shield
 A - a +0 cloak of cold resistance (worn)
 C - a +0 buckler (worn)
 D - a +2 pair of boots of flying (worn)
Jewellery
 c - a +1 ring of evasion (left hand)
 f - an uncursed ring of stealth
 g - a ring of protection from magic (right hand)
 h - an amulet of magic regeneration (around neck)
 q - an uncursed ring of resist corrosion
 y - the ring of Plog {rPois rC- MR+ EV+3}
   (You found it on level 9 of the Dungeon)

   [ring of evasion]

   It affects your evasion (+3).
   It makes you vulnerable to cold.
   It protects you from poison.
   It affects your resistance to hostile enchantments.
Wands
 k - a wand of paralysis (14)
 o - a wand of flame (35)
 p - a wand of random effects (9)
 r - a wand of clouds (4)
 F - a wand of digging (8)
 I - a wand of iceblast (8)
 K - a wand of enslavement (3)
Scrolls
 a - 4 scrolls of teleportation
 d - a scroll of blinking
 j - a scroll of amnesia
 l - 5 scrolls of remove curse
 m - 5 scrolls of fog
 s - a scroll of vulnerability
 u - a scroll of summoning
 v - 2 scrolls of enchant weapon
 B - 2 scrolls of immolation
 E - a scroll of silence
 G - 4 scrolls of identify
 H - a scroll of enchant armour
 J - a scroll of brand weapon
 L - a scroll of magic mapping


   Skills:
 - Level 8.0 Fighting
 - Level 8.0 Armour
 - Level 2.1 Dodging
 - Level 2.4 Stealth
 + Level 10.1 Shields
 - Level 0.3 Unarmed Combat
 - Level 11.0 Spellcasting
 - Level 9.0 Conjurations
 - Level 7.0 Hexes
 + Level 11.6 Summonings
 - Level 12.1 Ice Magic
 - Level 7.0 Evocations


You had 16 spell levels left.
You knew the following spells:

 Your Spells              Type           Power        Failure   Level  Hunger
a - Throw Icicle          Conj/Ice       ######..     2%          4    N/A
b - Searing Ray           Conj           ######..     1%          2    N/A
c - Fulminant Prism       Conj/Hex       #####.....   6%          4    N/A
d - Tukima's Dance        Hex            #####...     3%          3    N/A
f - Magic Dart            Conj           ####         1%          1    N/A
g - Summon Ice Beast      Ice/Summ       ######..     1%          4    N/A

Your spell library contained the following spells:

 Spells                   Type           Power        Failure   Level  Hunger
 Corona                   Hex            #####..      1%          1    N/A
 Freeze                   Ice            ######       1%          1    N/A
 Ensorcelled Hibernation  Hex/Ice        ######       1%          2    N/A
 Throw Frost              Conj/Ice       ######       1%          2    N/A
 Dazzling Spray           Conj/Hex       #####.       1%          3    N/A
 Iskenderun's Mystic Bla  Conj           ######..     1%          3    N/A
 Confuse                  Hex            #####...     3%          3    N/A
 Ozocubu's Armour         Chrm/Ice       #####...     4%          3    N/A
 Metabolic Englaciation   Hex/Ice        ######....   10%         5    N/A
 Passwall                 Tmut/Erth      ##......     26%         2    N/A
 Swiftness                Chrm/Air       ##......     26%         2    N/A
 Yara's Violent Unravell  Hex/Tmut       ####......   38%         4    N/A
 Irradiate                Conj/Tmut      ####......   61%         5    N/A
 Darkness                 Hex            #####.....   83%         6    N/A
 Invisibility             Hex            #####...     83%         6    N/A
 Petrify                  Tmut/Erth      ##......     87%         4    N/A
 Lee's Rapid Deconstruct  Erth           ##........   99%         5    N/A
 Passage of Golubria      Tloc           N/A          99%         5    N/A
 Mana Rupture             Conj/Hex       #####.....   99%         7    N/A

Dungeon Overview and Level Annotations

Branches:
Dungeon (12/12)            Temple (1/1) D:6            Lair (0/6) D:9
    Orc (1/1) D:8             Elf (0/3) Orc          Vaults (0/3) D:11
 Depths (0/5) D:12

Altars:
Ashenzari
Cheibriados
Dithmenos
Elyvilon
Gozag
Lugonu
Makhleb
Nemelex Xobeh
Ru
Sif Muna
Uskayaw
Wu Jian
Xom
Zin
The Shining One

Shops:
D:5 [   D:10 =   Orc ![?}

Portals:
Pandemonium: Orc

Annotations:
D:12 Frances


Innate Abilities, Weirdness & Mutations

You do not eat or drink.
You are immune to poison.
Your flesh is cold resistant. (rC+)
Your body sometimes deteriorates upon taking damage.
You are immune to negative energy. (rN+++)
You regenerate a little health from kills.
You are immune to unholy pain and torment.
You can survive without breathing.
When hurt, damage is shared between your health and your magic reserves.
Your movements are less encumbered by armour. (ER -4)
Casting spells heals you.


Message History

The chaos spawn gores you but does no damage.
Casting: Fulminant Prism (safe; 6% risk of failure)
Confirm with . or Enter, or press ? or * to list all spells.
Aiming: Fulminant Prism (safe; 6% risk of failure)
Press: ? - help, Dir - move target cursor You conjure a prism of explosive energy!
You block Frances's attack. The chaos spawn gores you.
The chaos spawn sears you! The ice devil hits you! The ice devil freezes you!
You resist.
You hit Frances but do no damage.
Frances is severely wounded.
Frances hits you but does no damage.
Frances whispers indecipherable words.
The iron shot hits you!!
* * * LOW HITPOINT WARNING * * *
The chaos spawn hits you.
* * * LOW HITPOINT WARNING * * *
The chaos spawn sears you!
You die...
Your body crumbles into a pile of gold.

##.####### .. #.$.......
###. #..#######.###
###... #)$#### #... .....
#..)..# #..# #...
#.###*####..# #%..
###.#..4)@....# #...
.......#@####.## #######.
####...4@4....####...%...
#####...........######
#############


You could see Frances, an ice devil, 2 chaos spawn and a friendly fulminant
prism.

Vanquished Creatures
  Agnes (D:12)
  A frost giant (IceCv)
  The ghost of ioannis32 the Cleaver, a journeyman HuFi of Yredelemnul (D:8)
  Erica (D:8)
  2 centaur warriors
  4 two-headed ogres
  3 death yaks (D:9)
  A deep troll earth mage (D:10)
  Urug (D:12)
  4 orc high priests (Orc)
  Nergalle (D:11)
  Sonja (D:11)
  An infernal demonspawn (Orc)
  An unseen horror (D:10)
  3 cyclopes
  4 orc knights
  2 deep elf magi
  7 orc sorcerers (Orc)
  4 ugly things
  3 centaur zombies
  Maurice (D:9)
  An ice statue (IceCv)
  2 orange demons (Orc)
  A gargoyle (D:11)
  6 centaur skeletons
  2 rime drakes (D:11)
  2 hellwings (Orc)
  8 trolls
  3 hornets
  12 polar bears (IceCv)
  Grinder (D:5)
  3 hippogriffs
  Eustachio (D:6)
  2 dancing weapons
  2 shadows
  A wraith (D:12)
  A vampire (D:11)
  2 wyverns (D:10)
  4 hungry ghosts
  12 yaks
  A chaos spawn (Orc)
  A steam dragon (D:8)
  A neqoxec (Orc)
  Edmund (D:6)
  4 vampire mosquitoes
  3 wargs (Orc)
  2 porcupines (D:9)
  23 orc warriors
  5 ice beasts
  3 ogres
  A black bear (D:10)
  4 phantoms
  2 sky beasts
  2 necrophages
  11 wolves (IceCv)
  2 centaurs (D:6)
  7 bullfrogs
  A big kobold (D:11)
  A wyvern zombie (D:10)
  5 scorpions
  6 killer bees (D:8)
  A howler monkey (D:10)
  2 wights
  A lava snake (D:10)
  7 crimson imps
  A quasit (D:12)
  A bullfrog zombie (D:8)
  5 hounds
  Crazy Yiuf (D:6)
  18 orc priests
  3 jellies
  21 orc wizards
  2 bullfrog skeletons
  9 iguanas
  Terence (D:3)
  8 worker ants
  A howler monkey zombie (D:5)
  15 adders
  A gnoll (D:2)
  A river rat (D:9)
  A shadow imp (D:9)
  2 oozes
  An adder skeleton (D:8)
  2 adder zombies (D:6)
  5 dart slugs
  4 worms
  2 leopard geckos (D:1)
  54 orcs
  7 giant cockroaches
  5 goblins
  7 hobgoblins
  9 jackals
  6 quokkas
  4 bats
  6 frilled lizards
  17 kobolds
  A leopard gecko skeleton (D:4)
  20 rats
451 creatures vanquished.

Vanquished Creatures (collateral kills)
  2 two-headed ogres
  A gelid demonspawn (Orc)
  3 orc knights (Orc)
  A vampire mosquito (D:10)
  6 orc warriors
  5 ogres
  A crimson imp (D:6)
  An orc (D:9)
20 creatures vanquished.

Vanquished Creatures (others)
  18 dancing weapons
  67 fulminant prisms
85 creatures vanquished.

Grand Total: 556 creatures vanquished

Notes
Turn   | Place    | Note
-------+----------+-------------------------------------------
     0 | D:1      | Defined the Skeleton Conjurer began the quest for the Orb.
     0 | D:1      | Reached XP level 1. HP: 10/10 MP: 4/4
    18 | D:1      | Reached skill level 5 in Conjurations
   293 | D:1      | Reached XP level 2. HP: 14/15 MP: 1/6
   744 | D:1      | Learned a level 2 spell: Searing Ray
  1200 | D:1      | Reached XP level 3. HP: 19/19 MP: 1/7
  2251 | D:2      | Reached XP level 4. HP: 24/24 MP: 6/10
  2503 | D:2      | Learned a level 4 spell: Fulminant Prism
  2724 | D:2      | Found a shimmering blue altar of Sif Muna.
  2776 | D:3      | Reached skill level 1 in Hexes
  2776 | D:3      | Reached XP level 5. HP: 17/28 MP: 1/11
  2883 | D:3      | Noticed Terence
  2897 | D:3      | Killed Terence
  2897 | D:3      | Reached skill level 1 in Fighting
  2964 | D:3      | Found a shimmering altar of Xom.
  3041 | D:3      | Found a shimmering altar of Xom.
  3041 | D:3      | Found a shimmering altar of Xom.
  3270 | D:3      | Learned a level 3 spell: Tukima's Dance
  3473 | D:3      | You fall into a shaft and drop 2 floors!
  3473 | D:5      | Entered Level 5 of the Dungeon
  3644 | D:5      | Noticed a hungry ghost
  3653 | D:5      | Killed a hungry ghost
  3653 | D:5      | Reached skill level 5 in Spellcasting
  3653 | D:5      | Gained mutation: You regenerate a little health from kills.
                  | [Skeleton growth]
  3653 | D:5      | Reached XP level 6. HP: 32/35 MP: 4/13
  3779 | D:4      | Reached XP level 7. HP: 40/40 MP: 5/15
  4127 | D:3      | Found a glowing golden altar of the Shining One.
  4127 | D:3      | Found a snail-covered altar of Cheibriados.
  4706 | D:4      | Reached skill level 5 in Hexes
  4865 | D:5      | Found Imyemibbae's Antique Armour Shoppe.
  4920 | D:5      | Reached skill level 1 in Armour
  5083 | D:5      | Found a snail-covered altar of Cheibriados.
  5086 | D:5      | Noticed Grinder
  5107 | D:5      | Killed Grinder
  5107 | D:5      | Reached XP level 8. HP: 43/48 MP: 9/18
  5325 | D:6      | Found a staircase to the Ecumenical Temple.
  5353 | Temple   | Entered the Ecumenical Temple
  5395 | Temple   | Became a worshipper of Gozag Ym Sagoz the Greedy
  5502 | D:6      | Noticed a hippogriff
  5538 | D:6      | Killed a hippogriff
  5883 | D:6      | Noticed a centaur warrior
  5896 | D:6      | Found a runed door.
  5897 | D:6      | Noticed Crazy Yiuf
  5898 | D:6      | Slain by Crazy Yiuf
  5899 | D:6      | Reached XP level 7. HP: -1/44 MP: 0/18
  5910 | D:6      | Noticed Edmund
  5920 | D:6      | Noticed a hungry ghost
  5927 | D:6      | Killed Edmund
  5927 | D:6      | Reached XP level 8. HP: 44/48 MP: 3/19
  5949 | D:6      | Reached skill level 5 in Fighting
  6387 | D:6      | Noticed Eustachio
  6415 | D:6      | Killed Eustachio
  6691 | D:6      | Reached skill level 5 in Armour
  6922 | D:6      | Killed Crazy Yiuf
  6955 | D:6      | Got a faintly glowing mace
  6956 | D:6      | Identified the +3 mace of Vucapif {drain, rPois rC- rN++
                  | Stlth+} (You found it on level 6 of the Dungeon)
  7001 | D:6      | Killed a centaur warrior
  7001 | D:6      | Reached XP level 9. HP: 35/55 MP: 6/22
  7834 | D:7      | Learned a level 5 spell: Irradiate
  7935 | D:7      | Got a slimy whip
  8271 | D:8      | Reached skill level 10 in Spellcasting
  8316 | D:8      | Noticed Erica
  8325 | D:8      | Killed Erica
  8325 | D:8      | Gained mutation: Your movements are less encumbered by
                  | armour. (ER -4) [Skeleton growth]
  8325 | D:8      | Reached XP level 10. HP: 43/61 MP: 9/24
  8338 | D:8      | Identified the +7 whip "Vexuor" {freeze, rPois Int+4 Dex+2}
                  | (You found it on level 7 of the Dungeon)
  8588 | D:8      | Reached skill level 5 in Evocations
  8648 | D:8      | Found a runed translucent door.
  8651 | D:8      | Noticed ioannis32's ghost (journeyman HuFi)
  8787 | D:8      | Found a staircase to the Orcish Mines.
  9240 | D:8      | Found a burning altar of Makhleb.
  9240 | D:8      | Found a shadowy altar of Dithmenos.
  9241 | D:8      | Found a shimmering altar of Xom.
  9385 | Orc      | Entered the Orcish Mines
  9651 | Orc      | Noticed a cyclops
  9913 | Orc      | Noticed an orc knight
 10246 | Orc      | Killed a cyclops
 10285 | Orc      | Noticed an orc knight
 10294 | Orc      | Killed an orc knight
 10639 | Orc      | Reached XP level 11. HP: 62/68 MP: 14/25
 10662 | Orc      | Killed an orc knight
 10729 | Orc      | Found a staircase to the Elven Halls.
 10863 | Orc      | Noticed an orc knight
 10987 | D:5      | Bought a heavily runed chain mail for 247 gold pieces
 10987 | D:5      | Bought a buckler for 117 gold pieces
 10987 | D:5      | Bought a pair of runed boots for 195 gold pieces
 10997 | D:5      | Identified the +0 chain mail "Aryuxt" {Str+2 Dex+2 Stlth-}
                  | (You bought it in a shop on level 5 of the Dungeon)
 11159 | D:5      | Learned a level 4 spell: Throw Icicle
 11386 | Orc      | Killed an orc knight
 11386 | Orc      | Reached skill level 1 in Shields
 11627 | Orc      | Found Qegux's Magic Scroll Shoppe.
 11901 | Orc      | Found Fuerouph's Distillery.
 11907 | Orc      | Bought a scroll of noise for 16 gold pieces
 11907 | Orc      | Bought a scroll of silence for 120 gold pieces
 11927 | Orc      | Noticed an orc knight
 11933 | Orc      | Noticed a two-headed ogre
 12157 | Orc      | Killed a two-headed ogre
 12436 | Orc      | Reached skill level 1 in Ice Magic
 12457 | Orc      | Reached skill level 2 in Ice Magic
 12532 | Orc      | Noticed an orc knight
 12537 | Orc      | Noticed an orc knight
 12540 | Orc      | Noticed an orc sorcerer
 13131 | D:8      | Killed ioannis32's ghost
 13131 | D:8      | Reached skill level 4 in Ice Magic
 13339 | Orc      | Reached skill level 5 in Ice Magic
 13469 | Orc      | Killed an orc knight
 13488 | Orc      | Reached skill level 6 in Ice Magic
 13842 | Orc      | Noticed an orc sorcerer
 13844 | Orc      | Noticed an orc high priest
 13846 | Orc      | Noticed an orc knight
 13852 | Orc      | Killed an orc sorcerer
 14391 | Orc      | Killed an orc knight
 14391 | Orc      | Reached skill level 7 in Ice Magic
 14476 | Orc      | Killed an orc sorcerer
 14503 | Orc      | Noticed an orc high priest
 14509 | Orc      | Noticed an orc sorcerer
 14536 | Orc      | Killed an orc sorcerer
 14542 | Orc      | Noticed a sun demon
 14555 | Orc      | HP: 3/68 [sun demon[an orc high priest] (10)]
 14947 | Orc      | Killed an orc high priest
 14947 | Orc      | Reached skill level 8 in Ice Magic
 14947 | Orc      | Reached XP level 12. HP: 48/73 MP: 6/27
 15274 | Orc      | Reached skill level 9 in Ice Magic
 15279 | Orc      | Noticed an orc high priest
 15713 | Orc      | Killed an orc high priest
 15713 | Orc      | Reached skill level 10 in Ice Magic
 15726 | Orc      | Killed an orc high priest
 15820 | Orc      | Noticed an orc high priest
 15831 | Orc      | Killed an orc high priest
 15831 | Orc      | Reached skill level 11 in Ice Magic
 15856 | Orc      | Found Icyzuafo's Antique Armour Shop.
 15856 | Orc      | Found Xefeorru's Gadget Boutique.
 15857 | Orc      | Found a one-way gate leading to the halls of Pandemonium.
 16474 | Orc      | Bought a smoking chain mail for 275 gold pieces
 16484 | Orc      | Identified the +8 chain mail of Grace {MR+ Str+3} (You
                  | bought it in a shop in the Orcish Mines)
 16673 | D:9      | Noticed a two-headed ogre
 16685 | D:9      | Killed a two-headed ogre
 16740 | D:9      | Noticed a two-headed ogre
 16756 | D:9      | Killed a two-headed ogre
 16839 | D:9      | Got a brightly glowing marble ring
 16841 | D:9      | Identified the ring of Plog {rPois rC- MR+ EV+3} (You found
                  | it on level 9 of the Dungeon)
 16934 | D:9      | Noticed a two-headed ogre
 16954 | D:9      | Killed a two-headed ogre
 16954 | D:9      | Reached skill level 12 in Ice Magic
 16964 | D:9      | Noticed Maurice
 17054 | D:9      | Learned a level 4 spell: Summon Ice Beast
 17146 | D:9      | Noticed a death yak
 17147 | D:9      | Found a staircase to the Lair.
 17154 | D:9      | Killed a death yak
 17154 | D:9      | Reached skill level 1 in Summonings
 17190 | D:9      | Killed Maurice
 17190 | D:9      | Reached skill level 5 in Shields
 17265 | D:9      | Noticed a death yak
 17265 | D:9      | Noticed a death yak
 17274 | D:9      | Killed a death yak
 17327 | D:9      | Killed a death yak
 17993 | D:10     | Entered Level 10 of the Dungeon
 18007 | D:10     | Reached XP level 13. HP: 76/78 MP: 14/28
 18403 | D:10     | Reached skill level 5 in Summonings
 19311 | D:10     | Got an ichor-stained leather armour
 19322 | D:10     | Identified the cursed +0 leather armour of Recklessness
                  | {Int+3} (You found it on level 10 of the Dungeon)
 19453 | D:10     | Found Feog's Jewellery Boutique.
 20252 | D:11     | Found a gate to the Vaults.
 20403 | D:11     | Found a frozen archway.
 20422 | IceCv    | Entered an ice cave
 20614 | IceCv    | Reached skill level 10 in Summonings
 20956 | IceCv    | Noticed a frost giant
 20994 | IceCv    | Killed a frost giant
 22033 | D:11     | Noticed Sonja
 22033 | D:11     | Noticed Nergalle
 22054 | D:11     | Killed Nergalle
 22054 | D:11     | Reached XP level 14. HP: 83/84 MP: 29/29
 22080 | D:11     | Killed Sonja
 22160 | D:12     | Entered Level 12 of the Dungeon
 22198 | D:12     | Noticed Agnes
 22200 | D:12     | Noticed Urug
 22214 | D:12     | Found a staircase to the Depths.
 22214 | D:12     | Noticed Frances
 22214 | D:12     | Noticed a fire giant
 22230 | D:12     | Killed from afar by Frances
 22231 | D:12     | Reached XP level 13. HP: 0/78 MP: 0/28
 22269 | D:12     | Killed Urug
 22395 | D:12     | HP: 3/78 [Agnes (7)]
 22395 | D:12     | Killed Agnes
 22395 | D:12     | Reached skill level 10 in Shields
 22672 | D:12     | Slain by a chaos spawn

Skill      XL: |  1  2  3  4  5  6  7  8  9 10 11 12 13 |
---------------+----------------------------------------+-----
Conjurations   | 5 6 7 8 9 |  9.0
Spellcasting   | 4 5 6 9 10 11 | 11.0
Hexes          | 1 3 4 6 7 |  7.0
Fighting       | 1 2 3 6 7 8 |  8.0
Armour         | 2 5 6 7 8 |  8.0
Evocations     | 2 4 6 7 |  7.0
Shields        | 4 6 10 | 10.1
Ice Magic      | 8 12 | 12.1
Summonings     | 4 11 | 11.6
Dodging        | |  2.1
Stealth        | |  2.4
Unarmed Combat | |  0.3

Action                   |  1- 3 |  4- 6 |  7- 9 | 10-12 | 13-15 || total
-------------------------+-------+-------+-------+-------+-------++-------
Melee: Unarmed           |    36 |       |       |       |       ||    36
       Whip              |     9 |    10 |       |   390 |   352 ||   761
       Hand axe          |    17 |    13 |   124 |       |       ||   154
       Punch             |     1 |       |       |     1 |       ||     2
       Mace              |       |       |    49 |       |       ||    49
Throw: Javelin           |    25 |       |       |       |       ||    25
 Cast: Magic Dart        |    88 |    62 |   103 |   126 |       ||   379
       Searing Ray       |     3 |     8 |    49 |    76 |    14 ||   150
       Tukima's Dance    |       |       |    20 |    63 |    23 ||   106
       Fulminant Prism   |       |       |       |    32 |    36 ||    68
       Throw Icicle      |       |       |       |    22 |    92 ||   114
       Summon Ice Beast  |       |       |       |       |     2 ||     2
Invok: Potion Petition   |       |       |       |     2 |     1 ||     3
Evoke: Wand              |       |     1 |     3 |     5 |    12 ||    21
  Use: Scroll            |     6 |     3 |     7 |    12 |     7 ||    35
 Stab: Paralysed         |       |       |     3 |       |       ||     3
       Sleeping          |       |       |     1 |       |       ||     1
       Distracted        |       |       |       |       |     6 ||     6
Armor: Robe              |     5 |       |       |       |       ||     5
       Ring mail         |    25 |    21 |   190 |       |       ||   236
       Chain mail        |       |       |       |   390 |   378 ||   768
Dodge: Dodged            |    71 |    42 |   236 |   453 |   315 ||  1117
Block: Buckler           |       |       |       |    36 |   169 ||   205
